 Dungeon Sprint DCSS version 0.31-a0-940-gdaa99269f9 (webtiles) character file.

Game seed: 11350832074984251669

36353 sircluck the Wrestler (level 13, -8/150 (158) HPs)
             Began as a Troll Berserker on Oct 20, 2023.
             Was a High Priest of Trog.
             Mangled by a deep elf knight
             ... wielding a +0 short sword
              (20 damage)
             ... in the Dungeon (Sprint VII: "The Pits").
             The game lasted 00:07:20 (2769 turns).

sircluck the Wrestler (Troll Berserker)             Turns: 2769, Time: 00:07:21

HP:   -8/150 (158)  AC:  4    Str: 32    XL:     13   Next: 52%
MP:   12/12         EV: 20    Int:  3    God:    Trog [*****.]
Gold: 42            SH: 13    Dex: 12    Spells: 12/12 levels left

rFire   . .          .
                       - Unarmed
rCold   . . .        z - +0 tower shield
rNeg    . . .        a - +0 animal skin
rPois   .            (helmet restricted)
rElec   .            (no cloak)
rCorr   .            (gloves unavailable)
SInv    .            (boots unavailable)
Will    .....        (no amulet)
Stlth   +            m - +3 ring of dexterity
HPRegen 1.25/turn    x - +5 ring of evasion
MPRegen 0.13/turn

%: no teleportation
@: drained
A: large, unfitting armour, claws 3, regeneration 1, shaggy fur 1, tough skin 1
a: Renounce Religion, Berserk, Trog's Hand, Brothers in Arms


You were in the Dungeon.
You worshipped Trog.
Trog was extremely pleased with you.
You visited 1 branch You collected 42 gold pieces.

Inventory:

Missiles
 p - a throwing net
Armour
 a - a +0 animal skin (worn)
 z - a +0 tower shield (worn)
Jewellery
 k - a +3 ring of intelligence
 m - a +3 ring of dexterity (left claw)
 r - a ring of protection from fire
 x - a +5 ring of evasion (right claw)
Wands
 v - a wand of charming (4)
 w - a wand of quicksilver (8)
 y - a wand of mindburst (6)
Scrolls
 g - 3 scrolls of blinking
 i - 2 scrolls of vulnerability
 j - a scroll of summoning
 q - a scroll of torment
 s - 2 scrolls of fear
 t - 3 scrolls of identify
 u - a scroll of fog
Potions
 b - 9 potions of curing
 c - 15 potions of heal wounds
 d - 4 potions of haste
 e - 4 potions of magic
 f - 4 potions of berserk rage
 h - 2 potions of invisibility
 l - a potion of resistance
 n - 3 potions of might
 o - 2 potions of mutation


   Skills:
 + Level 18.2 Fighting
 + Level 18.0 Dodging
 + Level 5.9 Shields
 + Level 21.0 Unarmed Combat


You had 12 spell levels left.
You didn't know any spells.
Your spell library was empty.

Dungeon Overview and Level Annotations

Branches:
Dungeon (1/1)

Altars:
Ashenzari
Cheibriados
Dithmenos
Elyvilon
Fedhas
Gozag
Hepliaklqana
Kikubaaqudgha
Makhleb
Nemelex Xobeh
Okawaru
Qazlal
Ru
Sif Muna
Trog
Uskayaw
Vehumet
Wu Jian
Xom
Yredelemnul
Zin
The Shining One
Jiyva
Lugonu


Innate Abilities, Weirdness & Mutations

You are too large for most types of armour.
You have claws for hands.
Your natural rate of healing is unusually fast.
You are covered in fur. (AC +1)
You have tough skin. (AC +1)


Message History

You are knocked back by the lance of force.
The orc knight shouts!
You hear some strange, mumbled words.
A shard of ice appears from out of thin air!
The shard of ice hits you!!!
* * * LOW HITPOINT WARNING * * *
The orc knight roars a battlecry!
Something hits you.
* * * LOW HITPOINT WARNING * * *
You feel much better.
You hear some strange, mumbled words.
A shard of ice appears from out of thin air!
The shard of ice hits you!!
* * * LOW HITPOINT WARNING * * *
An orc knight comes into view. It is wielding a +0 war axe.
Unknown command.
Unknown command.
You feel much better.
The orc knight roars a battlecry!
The orc knight goes into a battle-frenzy!
Something hits you!
* * * LOW HITPOINT WARNING * * *
Unknown command.
Unknown command.
Unknown command.
Unknown command.
Your deep troll goes berserk!
Something barely misses you.
An orc knight comes into view. It is wielding a +0 dire flail.
Unknown command.
Unknown command.
Unknown command.
You feel much better.
Your deep troll bites the orc knight!!
Your deep troll misses the orc knight.
Your deep troll claws the orc knight!!
The orc knight hits you with a +2 war axe of draining!!
* * * LOW HITPOINT WARNING * * *
You feel drained.
* * * LOW HITPOINT WARNING * * *
The orc knight closely misses your deep troll.
Something hits you!!
You die...

......# ......# ...#..##++#
......''..# ......''..#
####''#####
####''###########################
..##...).).....Too..............)
#.##)))))).)....@{..o..........))
+.##.)##############o'###########
#.##..# #........# +.##..#
#.#....#.# #.##..# ............
#.##..# #.#.#....#.#.# ..##..#
#.....oo.....# ####).#
.#.#.oo.#.#.# ####..# ..
..oo......


You could see 4 orc knights and a friendly deep troll (summoned, berserk).

Vanquished Creatures
  Frederick (D)
  A Hell Sentinel (D)
  An orc warlord (D)
  2 ghost moths (D)
  A reaper (D)
  A stone giant (D)
  A vampire knight (D)
  An apis (D)
  A yellow draconian (D)
  2 great orbs of eyes (D)
  A death knight (D)
  A sixfirhy (D)
  2 shadow wraiths (D)
  A flayed ghost (D)
  A sea snake (D)
  5 orc knights (D)
  A deep elf pyromancer (D)
  A deep elf zephyrmancer (D)
  2 orc sorcerers (D)
  2 black mambas (D)
  A moth of wrath (D)
  A merfolk siren (D)
  A gargoyle (D)
  An elephant (D)
  An eye of devastation (D)
  A komodo dragon (D)
  A freezing wraith (D)
  2 rime drakes (D)
  An efreet (D)
  A wandering mushroom (D)
  2 hellwings (D)
  A merfolk (D)
  A wind drake (D)
  A snapping turtle (D)
  A flying skull (D)
  A ynoxinul (D)
  6 vampire mosquitoes (D)
  A warg (D)
  3 orc warriors (D)
  A sky beast (D)
  A black bear (D)
  3 ogres (D)
  A wolf (D)
  A centaur (D)
  A small abomination (D)
  A bullfrog (D)
  A gnoll sergeant (D)
  A necrophage (D)
  A crimson imp (D)
  A jelly (D)
  A gnoll bouda (D)
  Terence (D)
  4 orc wizards (D)
  8 gnolls (D)
  A river rat (D)
  3 ufetubi (D)
  A worm (D)
  8 orcs (D)
  An endoplasm (D)
  2 giant cockroaches (D)
  A goblin (D)
  A hobgoblin (D)
  A quokka (D)
  2 bats (D)
  A jackal skeleton (D)
  A rat (D)
107 creatures vanquished.

Vanquished Creatures (collateral kills)
  Saint Roka (D)
  A death cob (D)
  A shadow dragon (D)
  An orc warlord (D)
  A hydra (D)
  An anaconda (D)
  A naga warrior (D)
  A sea snake (D)
  An orc knight (D)
  A bog body (D)
  A deep elf pyromancer (D)
  A deep elf zephyrmancer (D)
  A smoke demon (D)
  A rime drake (D)
  An efreet (D)
  Prince Ribbit (D)
  A dream sheep (D)
  A snapping turtle (D)
  A vampire (D)
  A shadow (D)
  A basilisk (D)
  A vampire mosquito (D)
  2 nagas (D)
  A warg (D)
  An acid dragon (D)
  4 orc warriors (D)
  A bullfrog (D)
  An earth elemental (D)
  5 orc priests (D)
  8 orcs (D)
  A bat simulacrum (D)
46 creatures vanquished.

Vanquished Creatures (others)
  A bat simulacrum (D)
1 creature vanquished.

Grand Total: 154 creatures vanquished

Notes
Turn   | Place    | Note
-------+----------+-------------------------------------------
     0 | D        | sircluck the Troll Berserker began the quest for the Orb.
     0 | D        | Reached XP level 1. HP: 22/22 MP: 0/0
    26 | D        | Found a bloodstained altar of Trog.
    26 | D        | Found a shimmering blue altar of Sif Muna.
    26 | D        | Found a viscous altar of Jiyva.
    26 | D        | Found a hazy altar of Hepliaklqana.
    26 | D        | Found an opulent altar of Gozag.
    27 | D        | Found a glowing golden altar of the Shining One.
    27 | D        | Found a glowing silver altar of Zin.
    27 | D        | Found a basalt altar of Yredelemnul.
    27 | D        | Found a shimmering altar of Xom.
    27 | D        | Found an ornate altar of the Wu Jian Council.
    27 | D        | Found a sacrificial altar of Ru.
    27 | D        | Found a stormy altar of Qazlal.
    27 | D        | Found an iron altar of Okawaru.
    27 | D        | Found a sparkling altar of Nemelex Xobeh.
    27 | D        | Found a burning altar of Makhleb.
    27 | D        | Found a blossoming altar of Fedhas.
    27 | D        | Found a white marble altar of Elyvilon.
    27 | D        | Found a shadowy altar of Dithmenos.
    27 | D        | Found a snail-covered altar of Cheibriados.
    29 | D        | Found a radiant altar of Vehumet.
    29 | D        | Found a corrupted altar of Lugonu.
    30 | D        | Found a hide-covered altar of Uskayaw.
    30 | D        | Found an ancient bone altar of Kikubaaqudgha.
    30 | D        | Found a broken altar of Ashenzari.
    79 | D        | Reached ** piety under Trog
    86 | D        | Reached skill level 4 in Unarmed Combat
    86 | D        | Reached XP level 2. HP: 30/31 MP: 1/1
   100 | D        | Noticed an ogre
   101 | D        | Reached *** piety under Trog
   109 | D        | Killed an ogre
   109 | D        | HP: 1/31 [quokka (2)]
   110 | D        | Reached skill level 5 in Fighting
   110 | D        | Reached skill level 5 in Unarmed Combat
   110 | D        | Reached XP level 3. HP: 2/42 MP: 2/2
   110 | D        | Reached XP level 4. HP: 2/50 MP: 3/3
   115 | D        | Reached skill level 6 in Unarmed Combat
   118 | D        | Reached skill level 5 in Dodging
   374 | D        | Noticed a gnoll sergeant
   374 | D        | Noticed an ogre
   374 | D        | Noticed a flying skull
   385 | D        | Reached **** piety under Trog
   391 | D        | Killed a flying skull
   392 | D        | Reached skill level 7 in Unarmed Combat
   392 | D        | Reached XP level 5. HP: 34/61 MP: 4/4
   392 | D        | Reached XP level 6. HP: 38/68 MP: 5/5
   397 | D        | Reached skill level 8 in Unarmed Combat
   408 | D        | Reached ***** piety under Trog
   409 | D        | Reached skill level 9 in Unarmed Combat
   417 | D        | Noticed Terence
   461 | D        | Killed Terence
   461 | D        | Received a gift from Trog
   462 | D        | Reached XP level 7. HP: 79/79 MP: 6/6
   472 | D        | Noticed a sea snake
   477 | D        | Killed a sea snake
   478 | D        | Reached skill level 10 in Unarmed Combat
   478 | D        | Reached XP level 8. HP: 67/92 MP: 7/7
   517 | D        | Noticed an elephant
   527 | D        | Killed an elephant
   528 | D        | Reached skill level 11 in Unarmed Combat
   529 | D        | Received a gift from Trog
   534 | D        | Reached ****** piety under Trog
   545 | D        | Reached skill level 10 in Fighting
   570 | D        | Found the +10 zealot's sword {holy, Zealotry, *Rage rN+
                  | EV+3}
   650 | D        | Noticed a black mamba
   658 | D        | Killed a black mamba
   658 | D        | Identified the +1 short sword of Trog's Scorn {flame, rPois
                  | rC+ Will+ Int-5} (Trog gifted it to you in the Dungeon)
   658 | D        | Received a gift from Trog
   659 | D        | Reached skill level 10 in Dodging
   659 | D        | Reached skill level 12 in Unarmed Combat
   659 | D        | Reached XP level 9. HP: 102/102 MP: 8/8
   857 | D        | Noticed a great orb of eyes
   867 | D        | Killed a great orb of eyes
   868 | D        | Reached skill level 13 in Unarmed Combat
   872 | D        | Received a gift from Trog
  1012 | D        | Noticed an orc sorcerer
  1013 | D        | Noticed an orc knight
  1013 | D        | Paralysed by an orc sorcerer for 5 turns
  1022 | D        | Killed an orc sorcerer
  1026 | D        | Killed an orc knight
  1027 | D        | Reached XP level 10. HP: 115/115 MP: 9/9
  1036 | D        | Killed a ghost moth
  1036 | D        | Received a gift from Trog
  1037 | D        | Reached skill level 14 in Unarmed Combat
  1046 | D        | Noticed a smoke demon
  1049 | D        | Killed a smoke demon
  1075 | D        | Noticed Saint Roka
  1075 | D        | Noticed an orc sorcerer
  1076 | D        | Noticed a bog body
  1083 | D        | Received a gift from Trog
  1086 | D        | Killed Saint Roka
  1087 | D        | Reached skill level 15 in Unarmed Combat
  1087 | D        | Reached XP level 11. HP: 87/127 MP: 7/10
  1097 | D        | Killed a bog body
  1099 | D        | Killed an orc sorcerer
  1099 | D        | Received a gift from Trog
  1100 | D        | Reached skill level 16 in Unarmed Combat
  1219 | D        | Noticed a reaper
  1226 | D        | Killed a reaper
  1283 | D        | Noticed a Hell Sentinel
  1291 | D        | Killed a Hell Sentinel
  1365 | D        | Noticed Frederick
  1377 | D        | Killed Frederick
  1377 | D        | Received a gift from Trog
  1378 | D        | Reached skill level 15 in Fighting
  1378 | D        | Reached skill level 17 in Unarmed Combat
  1572 | D        | Killed a ghost moth
  1573 | D        | Reached skill level 15 in Dodging
  1576 | D        | Killed a shadow wraith
  1588 | D        | Reached XP level 12. HP: 51/143 MP: 2/11
  1667 | D        | Identified the +4 quarterstaff "Abommeoco" {antimagic, rC+
                  | Str+4 Dex-3} (Trog gifted it to you in the Dungeon)
  1667 | D        | Received a gift from Trog
  1681 | D        | Reached skill level 18 in Unarmed Combat
  1755 | D        | Noticed a great orb of eyes
  1760 | D        | Killed a great orb of eyes
  1817 | D        | Received a gift from Trog
  1859 | D        | Identified the +7 great sword of the Maze {flame, Fly rElec
                  | Will++ Int-4} (Trog gifted it to you in the Dungeon)
  1859 | D        | Received a gift from Trog
  1906 | D        | Noticed Prince Ribbit
  1911 | D        | Killed Prince Ribbit
  1916 | D        | Reached skill level 19 in Unarmed Combat
  2109 | D        | Noticed a naga warrior
  2110 | D        | Received a gift from Trog
  2119 | D        | Killed a naga warrior
  2127 | D        | Received a gift from Trog
  2135 | D        | Identified the staff "Depue" {rC+ Dex+5 Ice}
  2151 | D        | Noticed an apis
  2152 | D        | Received a gift from Trog
  2157 | D        | Killed an apis
  2161 | D        | Noticed a vampire knight
  2162 | D        | Noticed a yellow draconian
  2171 | D        | Killed a vampire knight
  2179 | D        | Killed a yellow draconian
  2215 | D        | Reached skill level 20 in Unarmed Combat
  2215 | D        | Reached XP level 13. HP: 76/156 MP: 12/12
  2219 | D        | Received a gift from Trog
  2406 | D        | Noticed a death cob
  2407 | D        | Noticed a shadow dragon
  2409 | D        | Noticed a stone giant
  2414 | D        | Killed a shadow dragon
  2415 | D        | Reached skill level 1 in Shields
  2417 | D        | Killed a stone giant
  2421 | D        | Killed a death cob
  2547 | D        | Noticed an orc warlord
  2547 | D        | Noticed an orc warlord
  2600 | D        | Killed an orc warlord
  2600 | D        | Received a gift from Trog
  2601 | D        | Reached skill level 5 in Shields
  2689 | D        | Killed an orc warlord
  2690 | D        | Reached skill level 21 in Unarmed Combat
  2769 | D        | Mangled by a deep elf knight

Illustrated notes

Levels and vault maps discovered:
D:        pitsprint [storerooms_1, entrance_room_1, metal_vault_3, armoury_3,
          mini_pit_1, grid_room_1, main_hall_1, silver_pit, the_coven_3,
          the_vestibule_1, steel_vault_2, golden_pit, hallway_of_sentries,
          crystal_vault_1, iron_vault_2, final_vault]

Skill      XL: |  1  2  3  4  5  6  7  8  9 10 11 12 13 |
---------------+----------------------------------------+-----
Fighting       | 3 5 6 7 9 10 11 13 15 17 18 | 18.2
Dodging        | 3 4 6 7 9 10 11 13 15 17 18 | 18.0
Unarmed Combat | 4 5 7 9 10 12 13 15 17 20 21 | 21.0
Shields        | 5 |  5.9

Action                     |  1- 3 |  4- 6 |  7- 9 | 10-12 | 13-15 || total
---------------------------+-------+-------+-------+-------+-------++-------
  Melee: Unarmed           |    27 |    29 |    67 |   122 |    58 ||   303
         Punch             |       |     1 |     7 |    20 |       ||    28
 Invoke: Berserk           |       |     2 |     3 |     4 |       ||     9
         Brothers in Arms  |       |       |     1 |    11 |     4 ||    16
    Use: Potion            |       |       |       |       |     3 ||     3
 Armour: Animal skin       |    38 |    15 |    37 |    78 |    26 ||   194
  Dodge: Dodged            |    37 |    18 |    39 |    50 |    18 ||   162
  Block: Tower shield      |       |       |       |       |     9 ||     9

Table legend: (Time is in decaauts)
 A = Elapsed time spent in this place.
 B = Non-inter-level travel time spent in this place.
 C = Inter-level travel time spent in this place.
 D = Time resting spent in this place.
 E = Time spent auto-exploring this place.
 F = Levels seen in this place.
 G = Mean time per level.
                   A        B        C        D        E       F      G
               +--------+--------+--------+--------+--------+-----+--------+
         Total |   2786 |   2724 |     62 |   1218 |    380 |   1 | 2786.0 |
       Dungeon |   2786 |   2724 |     62 |   1218 |    380 |   1 | 2786.0 |
               +--------+--------+--------+--------+--------+-----+--------+

Top non-repeatable levels by time:
       D: 2786 daAuts
